 Dungeon Crawl Stone Soup version 0.29.1-12-g30fa7ad0bf (webtiles) character file.

Game seed: 15675921018434192080

224 Sanktem7 the Trooper (level 5, 0/49 HPs)
             Began as a Minotaur Fighter on Dec 16, 2022.
             Succumbed to an orc wizard's poison
             ... on level 3 of the Dungeon.
             The game lasted 00:03:01 (1777 turns).

Sanktem7 the Trooper (Minotaur Fighter)             Turns: 1777, Time: 00:03:02

Health: 0/49       AC: 13    Str: 22    XL:     5   Next: 67%
Magic:  4/4        EV:  7    Int:  5    God:
Gold:   161        SH:  4    Dex: 10    Spells: 4/4 levels left

rFire   . . .      SeeInvis .   a - +0 war axe {axe}
rCold   . . .      Faith    .   c - +0 buckler
rNeg    . . .      Spirit   .   t - +0 chain mail
rPois   .          Reflect  .   (helmet restricted)
rElec   .          Harm     .   (no cloak)
rCorr   .          Rampage  .   (no gloves)
Will    .....                   (no boots)
Stlth   ..........              (no amulet)
HPRegen 0.16/turn               n - +4 ring of protection
MPRegen 0.09/turn               (no ring)

@: lethally poisoned (0 -> -16)
A: horns 2, retaliatory headbutt
a: no special abilities


You were on level 3 of the Dungeon.
You visited 1 branch of the dungeon, and saw 3 of its levels.

You collected 161 gold pieces.


Innate Abilities, Weirdness & Mutations

You have a pair of horns on your head.
You reflexively headbutt those who attack you in melee.


   Skills:
 * Level 5.6 Fighting
 * Level 4.9 Axes
 + Level 4.7 Armour
 - Level 3.6 Shields


You had 4 spell levels left.
You didn't know any spells.
Your spell library contained the following spells:

 Spells                   Type           Power      Damage    Failure   Level
 Poisonous Vapours        Pois/Air       0%         N/A       100%        2
 Ozocubu's Armour         Ice            0%         N/A       100%        3
 Corpse Rot               Necr/Pois/Air  0%         N/A       100%        4
 Ozocubu's Refrigeration  Ice            0%         4d7       100%        7
 Chain Lightning          Conj/Air       0%         N/A       100%        9
 Fire Storm               Conj/Fire      0%         5d1       100%        9
 Shatter                  Erth           0%         3d5*      100%        9

Inventory:

Hand Weapons
 a - a +0 war axe (weapon) {axe}
Missiles
 j - 15 stones (quivered) {throwing}
 m - 4 curare-tipped darts {=fthrowing}
 o - 6 poisoned darts {throwing}
Armour
 c - a +0 buckler (worn)
 t - a +0 chain mail (worn)
   (You found it on level 2 of the Dungeon)
Magical Staves
 w - a staff of poison {!astaff}
   (You found it on level 3 of the Dungeon)
Jewellery
 b - a ring of see invisible
   (You found it on level 3 of the Dungeon)
 n - a +4 ring of protection (left hand)
   (You found it on level 2 of the Dungeon)
Scrolls
 f - a scroll of magic mapping {unknown}
 g - 2 scrolls of blinking {unknown}
 h - a scroll of immolation {unknown}
 l - a scroll of butterflies {unknown}
 r - a scroll of identify {unknown}
Potions
 d - a potion of might
 e - a potion of mutation {unknown}
 i - 3 potions of haste {unknown}
 k - a potion of curing {unknown}
 p - a potion of lignification {unknown}
 q - a potion of berserk rage {unknown}
 s - a potion of brilliance {unknown}
 u - a potion of attraction {unknown}
 v - a potion of heal wounds {unknown}

Dungeon Overview and Level Annotations

Branches:
Dungeon (3/15) Zot: 16192

Altars:
Uskayaw
Xom

............
##.#.#..###... +
#.#....# .#### #####
#.#.#..# #...# #
...... #.#.#..# #...#
.# .##### #.#.# .#
#...# ###. + ##.#.# .
#...# #.. .#.#.# .#
#..{# #.###### .#.#
#..@###......## .#.#
#...)........'## #
.#.#
#...†........#.#####
...#
#.....#......#......
...#
#....##......#......
...#
.>.....##......#......
...#
######.##......#......
...# #.##......#####..
...# #.##......# #..


There were no monsters in sight!


Message History

No target in view!
No target in view!
No target in view!
No target in view!
No target in view!
No target in view!
You now have 161 gold pieces (gained 6).
v - an inky potion
There is a stone staircase leading down here.
You open the door.
There is an open door here.
You open the door.
Found a shimmering altar of Xom.
You open the door.
Found a hide-covered altar of Uskayaw.
Found a faded altar of an unknown god.
No target in view!
w - a staff of poison {!astaff} You pick up a book of Vapours and begin reading...
You add the spells Poisonous Vapours and Corpse Rot to your library.
You open the door.
There is an open door here.
A rat comes into view.
A rat is nearby!
Found a stone staircase leading down. 2 orcs and an orc wizard come into view.
The orc wizard is wielding a +2 dagger of venom.
The orc shouts!
The orc wizard shouts!
The rat bites you but does no damage.
The orc wizard moves out of view.
You slash the rat!
You kill the rat!
You closely miss the orc. You headbutt the orc!
You kill the orc!
The orc wizard points at you and mumbles some strange words.
You resist with some effort. The orc hits you but does no damage.
Things that are here:
a +0 short sword {short}; a +0 ring mail; an orc corpse You barely miss the orc.
You headbutt the orc!
You kill the orc!
The orc wizard hits you but does no damage.
You are poisoned.
Things that are here:
a +0 dagger {short}; a +0 leather armour You feel sick.
The orc wizard casts a spell.
The orc wizard flickers and vanishes!
Deactivating autopickup; reactivate with Ctrl-A. 😕 HP[-2]
You take 2 damage, and now have 47/49 hp.
You feel sick. Something hits you.
You are more poisoned.
Things that are here:
a +0 dagger {short}; a +0 leather armour 😕 HP[-2]
You take 2 damage, and now have 45/49 hp.
You miss something. Your headbutt misses something.
You feel very sick. Something hits you but does no damage. Something hits you.
You are more poisoned. 😕 HP[-7]
You take 7 damage, and now have 38/49 hp.
You hit something.
You feel very sick.
Something completely misses you. 😮 HP[-6]
You take 6 damage, and now have 32/49 hp.
You hit something. Your headbutt misses something.
You feel very sick.
You hear some strange, mumbled words.
You are confused. 😮 HP[-4]
You take 4 damage, and now have 28/49 hp.
You closely miss something.
You feel very sick. Something hits you.
* * * LOW HITPOINT WARNING * * *
You are more poisoned.
Something hits you but does no damage.
You are lethally poisoned! 😨 HP[-7]
You take 7 damage, and now have 21/49 hp.
You miss something.
* * * LOW HITPOINT WARNING * * *
You feel extremely sick. Something hits you.
* * * LOW HITPOINT WARNING * * *
😱 HP[-11]
You take 11 damage, and now have 10/49 hp.
MASSIVE DAMAGE!! (PAUSE)
You hit something.
* * * LOW HITPOINT WARNING * * *
You feel very sick.
You hear some strange, mumbled words.
Something tries to affect you, but you resist. 😱 HP[-6]
You take 6 damage, and now have 4/49 hp.
You bump into the rock wall.
You feel less confused.
You die...

Skill      XL: |  1  2 |
---------------+-------+-----
Fighting       | 5 |  5.6
Axes           | 4 |  4.9
Armour         | 4 |  4.7
Shields        | |  3.6

Action                   |  1- 3 |  4- 6 || total
-------------------------+-------+-------++-------
Melee: War axe           |    48 |    42 ||    90
       Headbutt          |     3 |     4 ||     7
Armor: Scale mail        |    29 |     4 ||    33
       Chain mail        |       |    35 ||    35
Dodge: Dodged            |    22 |    20 ||    42
Block: Buckler           |    12 |    10 ||    22

Levels and vault maps discovered:
D:1:      kb_arrival_jail, layout_rooms
D:2:      layout_basic, uniq_sigmund
D:3:      layout_basic, grunt_temple_overflow_cloverleaf,
          dreamdust_ecumenical_altar_grove

Notes
Turn   | Place    | Note
-------+----------+-------------------------------------------
     0 | D:1      | Sanktem7 the Minotaur Fighter began the quest for the Orb.
     0 | D:1      | Reached XP level 1. HP: 19/19 MP: 0/0
     0 | D:1      | magus.rc [v1.9.6]
     2 | D:1      | Noticed a demonspawn
     4 | D:1      | Noticed a formicid
     4 | D:1      | Noticed a palentonga
     6 | D:1      | Noticed an octopode
     8 | D:1      | Noticed a troll
     8 | D:1      | Noticed an elf
    11 | D:1      | Noticed a merfolk
    11 | D:1      | Noticed a human
    13 | D:1      | Noticed a vine stalker
    13 | D:1      | Noticed a demigod
    15 | D:1      | Noticed a ghoul
    15 | D:1      | Noticed a gargoyle
    17 | D:1      | Noticed a draconian
    17 | D:1      | Noticed an ogre
    19 | D:1      | Noticed a meteoran
    19 | D:1      | Noticed a felid
    21 | D:1      | Noticed a vampire
    21 | D:1      | Noticed a tengu
    23 | D:1      | Noticed a naga
    23 | D:1      | Noticed a spriggan
    25 | D:1      | Noticed a minotaur
    27 | D:1      | Noticed a minotaur
    27 | D:1      | Noticed a minotaur
   304 | D:1      | Reached XP level 2. HP: 27/27 MP: 1/1
   306 | D:1      | Reached skill level 4 in Fighting
   393 | D:1      | Reached skill level 3 in Axes
   809 | D:2      | Noticed Sigmund
   815 | D:2      | Killed Sigmund
   816 | D:2      | Reached skill level 5 in Fighting
   816 | D:2      | Reached skill level 4 in Axes
   816 | D:2      | Reached skill level 4 in Armour
   816 | D:2      | Reached XP level 3. HP: 25/36 MP: 2/2
   816 | D:2      | Reached XP level 4. HP: 29/42 MP: 3/3
   816 | D:2      | Reached XP level 5. HP: 33/48 MP: 4/4
  1032 | D:2      | You add the spells Ozocubu's Armour and Ozocubu's
                  | Refrigeration to your library.
  1563 | D:3      | You pick up a book of Annihilations and begin reading...
  1563 | D:3      | You add the spells Chain Lightning, Fire Storm and Shatter
                  | to your library.
  1715 | D:3      | Found a shimmering altar of Xom.
  1718 | D:3      | Found a hide-covered altar of Uskayaw.
  1733 | D:3      | Found a faded altar of an unknown god.
  1749 | D:3      | You pick up a book of Vapours and begin reading...
  1749 | D:3      | You add the spells Poisonous Vapours and Corpse Rot to your
                  | library.
  1775 | D:3      | HP: 10/49 [something (3)]
  1776 | D:3      | HP: 4/49 [poisoned by an orc wizard]
  1777 | D:3      | Succumbed to an orc wizard's poison

Vanquished Creatures
  Sigmund (D:2)
  2 adders (D:3)
  2 orcs (D:3)
  4 ball pythons
  An endoplasm (D:2)
  A giant cockroach (D:3)
  4 goblins
  5 hobgoblins
  3 jackals (D:3)
  3 quokkas
  4 bats
  6 kobolds
  5 rats
41 creatures vanquished.

Table legend:
 A = Non-vault XP
 B = Vault XP
 C = Vault XP percentage of total XP
 D = Non-vault monster count
 E = Vault monster count
 F = Vault count percentage of total count
                 A         B        C        D         E       F
            +---------+---------+-------+---------+---------+-------
      Total |      90 |     231 |  72.0 |      40 |       1 |   2.4
            +---------+---------+-------+---------+---------+-------
        D:1 |      19 |       0 |   0.0 |      13 |       0 |   0.0
        D:2 |      16 |     231 |  93.5 |      10 |       1 |   9.1
        D:3 |      55 |       0 |   0.0 |      17 |       0 |   0.0
            +---------+---------+-------+---------+---------+-------

Illustrated notes

Table legend:
 A = Kills in this place as a percentage of kills in entire the game.
 B = Kills by you in this place as a percentage of kills by you in the entire game.
 C = Kills by friends in this place as a percentage of kills by friends in the entire game.
 D = Other kills in this place as a percentage of other kills in the entire game.
 E = Experience gained in this place as a percentage of experience gained in the entire game.
 F = Experience gained in this place divided by the number of levels of this place that you have seen.
                   A       B       C       D       E      F
               +-------+-------+-------+-------+-------+----------------------
         Total | 100.0 | 100.0 |   N/A |   N/A | 100.0 | 107.0
       Dungeon | 100.0 | 100.0 |   N/A |   N/A | 100.0 | 107.0
               +-------+-------+-------+-------+-------+----------------------

Table legend: (Time is in decaauts)
 A = Elapsed time spent in this place.
 B = Non-inter-level travel time spent in this place.
 C = Inter-level travel time spent in this place.
 D = Time resting spent in this place.
 E = Time spent auto-exploring this place.
 F = Levels seen in this place.
 G = Mean time per level.
                   A        B        C        D        E       F      G
               +--------+--------+--------+--------+--------+-----+--------+
         Total |   1808 |   1748 |     60 |      0 |   1473 |   3 |  602.7 |
       Dungeon |   1808 |   1748 |     60 |      0 |   1473 |   3 |  602.7 |
               +--------+--------+--------+--------+--------+-----+--------+

Top non-repeatable levels by time:
     D:2: 837 daAuts
     D:1: 529 daAuts
     D:3: 440 daAuts
